Cogmind - Beta 17 @@@ ROGUE MODE // 2026.08.02 @ 18:15:50 Player: Petvaria Result: Destroyed by 1I-U86(R) with Subdweller Beam Cannon Performance ------------- Evolutions (0) 0 Regions Visited (2) 400 Robots Destroyed (23) 115 Value Destroyed (585) 585 Prototype IDs (14) 280 Alien Tech Used (0) 0 Bonus (0) 0 TOTAL SCORE: 1380 Bonus ------- None Cogmind --------- Core Integrity 0/250 Matter 290/300 Energy 169/200 System Corruption 2% Temperature Cool (9) Movement Rolling (175) Ox5 Location -10/Subcaves Parts ------- > --- POWER (1) -------- Subdweller Power Source > --- PROPULSION (2) --- Makeshift Leg Compact Wheel > --- UTILITY (2) ------ Huge Storage Unit > --- WEAPON (2) ------- Subdweller Beam Cannon > --- INVENTORY (25) --- Improved Terrain Scanner Seismic Detector Subdweller Laser Assault Rifle Light Assault Rifle Light Assault Rifle Light Assault Rifle Battle Rifle Battle Cannon Rocket Launcher Rocket Launcher Rocket Launcher Rocket Launcher Peak State ------------ > --- POWER ------------ Subdweller Power Source > --- PROPULSION ------- Makeshift Leg Compact Wheel > --- UTILITY ---------- Huge Storage Unit > --- WEAPON ----------- Subdweller Beam Cannon > --- INVENTORY -------- Compact Wheel Improved Terrain Scanner Seismic Detector Subdweller Laser Assault Rifle Light Assault Rifle Light Assault Rifle Light Assault Rifle Battle Rifle Rocket Launcher Rocket Launcher Rocket Launcher Rocket Launcher [Rating: 12] Favorites ----------- Power Subdweller Power Source Engine Subdweller Power Source Propulsion Compact Wheel Treads Light Treads Leg Makeshift Leg Wheel Compact Wheel Utility Huge Storage Unit Storage Huge Storage Unit Protection Light Armor Plating Weapon Assault Rifle Energy Cannon Subdweller Beam Cannon Ballistic Gun Assault Rifle Launcher Rocket Launcher Build | -11 -10 -10 ------- Run | Yrd Mat Sub Slots Evolved . | . . . Power . | . . . Propulsion . | . . . Utility . | . . . Weapon . | . . . Parts Attached 19 | 6 4 9 Power 3 | 1 . 2 Engine 3 | 1 . 2 Core . | . . . Reactor . | . . . Propulsion 6 | 2 . 4 Treads 3 | 2 . 1 Leg 1 | . . 1 Wheel 2 | . . 2 Hover . | . . . Flight . | . . . Utility 3 | 1 2 . Device . | . . . Storage 2 | 1 1 . Processor . | . . . Hackware . | . . . Protection 1 | . 1 . Artifact . | . . . Weapon 7 | 2 2 3 Energy Gun . | . . . Energy Cannon 1 | . . 1 Ballistic Gun 5 | 2 2 1 Ballistic Cannon . | . . . Launcher 1 | . . 1 Special Weapon . | . . . Impact Weapon . | . . . Slashing Weapon . | . . . Piercing Weapon . | . . . Special Melee Weapon . | . . . Unidentified Prototypes . | . . . Parts Lost 8 | . . 8 Power 2 | . . 2 Propulsion 4 | . . 4 Utility 1 | . . 1 Weapon 1 | . . 1 Highest Loss Streak 3 | . . 3 To Critical Strikes 1 | . . 1 Average Backups 11 | 4 9 12 Power . | . 1 . Propulsion 1 | 1 2 . Utility 1 | . 2 2 Weapon 7 | 1 4 9 Tool/Special . | . . . Unused Backups 8 | . . 8 Power . | . . . Propulsion . | . . . Utility 2 | . . 2 Weapon 6 | . . 6 Tool/Special . | . . . Average Slot Usage (%) 78 | . 89 75 Engine 12 | . 14 12 Treads 9 | . 28 4 Leg 6 | . . 7 Wheel 12 | . . 15 Storage 14 | . 14 14 Protection 1 | . 3 . Energy Cannon 7 | . . 9 Ballistic Gun 14 | . 28 9 Peak Build Rating 12 | 6 8 12 Average Rating 8 | 5 7 9 On Entrance 4 | . 6 8 Avg Prop Armor Cover (%) 13 | . . 13 Naked Turns . | . . . Heaviest Build 93 | 12 92 93 Greatest Support 40 | 40 40 40 Greatest Overweight (x) 5 | . 2 5 Average Overweight (x) 3 | . 1 4 Largest Inventory Capacity 25 | 8 25 25 Average Capacity 23 | 7 23 25 Most Carried 14 | 6 13 14 Average Carried 11 | 4 9 12 Final Capacity 25 | 8 25 25 Final Carried 13 | 6 12 13 Class Distribution -------------------- 100% | Mutant Dominant Class ---------------- Mutant | -10/Materials Mutant | -10/Subcaves Resources | -11 -10 -10 ----------- Run | Yrd Mat Sub Matter Collected 761 | 284 99 378 Remotely . | . . . Salvage Created 707 | 124 183 400 Parts 36 | 9 9 18 Haulers Intercepted . | . . . Recyclers Shooed . | . . . Parts Field Recycled . | . . . Retrieved Matter . | . . . Parts Self-Destructed 4 | . . 4 Prevented . | . . . Parts Restored . | . . . Kills | -11 -10 -10 ------- Run | Yrd Mat Sub Combat Hostiles Destroyed 16 | . 5 11 Guns 6 | . 5 1 Cannons 6 | . . 6 AOE 3 | . . 3 Classes Destroyed 7 | 2 3 2 Worker 1 | . 1 . Tunneler 3 | 3 . . Recycler 1 | 1 . . Turret 2 | . . 2 Swarmer 4 | . 1 3 Grunt 6 | . 4 2 Subdweller 6 | . . 6 Best Kill Streak 4 | 2 2 4 Combat Bots Only 3 | . 2 3 Max Kills in Single Turn 1 | 1 1 1 Gunslinging . | . . . Exploded 1 | . . 1 Melee . | . . . Uniques/NPCs Destroyed . | . . . Combat | -11 -10 -10 -------- Run | Yrd Mat Sub Hostile Shots Fired 157 | . 35 122 Missed 46 | . 13 33 Hits 111 | . 22 89 Projectile 111 | . 22 89 Critical Strikes 2 | . . 2 Damage Taken 1390 | . 234 1156 Core 274 | . 23 251 Absorbed by Shields . | . . . Core Remaining (%) 100 | 100 . . Volleys Fired 110 | 12 21 77 Largest 2 | 2 2 2 Hottest 80 | 40 40 80 Shots Fired 165 | 24 42 99 Gun 108 | 24 42 42 Cannon 52 | . . 52 Launcher 5 | . . 5 Special . | . . . Kinetic 108 | 24 42 42 Thermal 52 | . . 52 Explosive 5 | . . 5 Electromagnetic . | . . . Robot Hit Streak 14 | 4 6 14 Robot Miss Streak 5 | 2 3 5 Penetration Max . | . . . Secondary Targets . | . . . Shots Hit Robots 89 | 15 28 46 Core Hits 37 | 7 11 19 Critical Kills 1 | . . 1 Critical Parts Destroyed . | . . . Critical Strikes 1 | . . 1 Meltdown 1 | . . 1 Melee Attacks . | . . . Impact . | . . . Slashing . | . . . Piercing . | . . . Sneak Attacks . | . . . Combat Hostiles . | . . . Follow-up Attacks . | . . . Damage Inflicted 1586 | 125 381 1080 Guns 843 | 125 359 359 Cannons 502 | . . 502 Explosions 219 | . . 219 Melee . | . . . Ramming 22 | . 22 . Kinetic 843 | 125 359 359 Thermal 502 | . . 502 Explosive 219 | . . 219 Electromagnetic . | . . . Impact . | . . . Slashing . | . . . Piercing . | . . . Highest Corruption 2 | . 2 2 Average Corruption 2 | . 2 2 Corruption Purged . | . . . Corruption Blocked . | . . . Effects 30 | . 3 27 Message Errors 8 | . . 8 Matter Fused 3 | . 1 2 Heat Flow Errors 9 | . . 9 Energy Discharges 3 | . 1 2 Data Loss (minor) 4 | . . 4 Data Loss (major) 1 | . 1 . Misfires 2 | . . 2 Overload Shots . | . . . Overflow Damage 8 | . . 8 Projectiles . | . . . Explosions 8 | . . 8 Melee . | . . . Knockbacks . | . . . Impact . | . . . Kinetic . | . . . Secondary . | . . . Self-Inflicted Damage 97 | . . 97 Shots 3 | . . 3 Rammed 3 | . 3 . Targets Rammed 3 | . 3 . Kicked . | . . . Crushed . | . . . Highest Temperature 220 | . 4 220 Average Temperature 73 | . 2 82 Received Heat Transfer 483 | . 108 375 Siege Activations . | . . . Martial Activations . | . . . Shielding Activations . | . . . Robots Disrupted . | . . . Combat Hostiles . | . . . Robots Corrupted . | . . . Combat Hostiles . | . . . Parts Fried . | . . . Impact Corruptions . | . . . Robots Melted 1 | . . 1 Combat Hostiles 1 | . . 1 Parts Melted 2 | . . 2 Heat Transferred 666 | . . 666 Parts Sabotaged . | . . . Parts Stolen . | . . . Parts Stripped . | . . . Power Chain Reactions . | . . . Alert | -11 -10 -10 ------- Run | Yrd Mat Sub Maximum Alert Level . | . . . Low Security (%) 100 | 100 100 . Level 1 . | . . . Level 2 . | . . . Level 3 . | . . . Level 4 . | . . . Level 5 . | . . . High Security . | . . . Max Security . | . . . Peak Influence 61 | 5 61 . Initial . | . . . Average 6 | . 8 . Influence Increases 421 | 20 161 240 Destroy 0b10 Robot/C 240 | . 100 140 Destroy 0b10 Robot/NC 25 | 20 5 . Destroy Leader 20 | . 10 10 Destroy Structure 1 | . 1 . Lose Combat Pursuer 135 | . 45 90 Influence Decreases 421 | 20 108 293 Entered New Map 26 | . . 26 Time Decay 355 | 20 108 227 Lost Part 40 | . . 40 Squads Dispatched . | . . . Investigation . | . . . Extermination . | . . . Reinforcement . | . . . Assault . | . . . Garrison . | . . . Intercept . | . . . Searches Triggered . | . . . Construction Impeded . | . . . Haulers Reinforced . | . . . Active Scanning Responses . | . . . Cargo Convoy Interrupts . | . . . Stealth | -11 -10 -10 --------- Run | Yrd Mat Sub Distress Signals 1 | . 1 . Communications Jammed . | . . . Distress Signals . | . . . Times Spotted 31 | . 14 17 Peak Tracking Total 6 | . 4 6 Tactical Retreats 4 | . 2 2 Traps | -11 -10 -10 ------- Run | Yrd Mat Sub Traps Triggered 1 | . 1 . Indirectly . | . . . Trap Hack Attempts . | . . . Triggered . | . . . Disarmed . | . . . Reprogrammed . | . . . Reused . | . . . Traps Extracted . | . . . Installed . | . . . Triggered . | . . . Machines | -11 -10 -10 ---------- Run | Yrd Mat Sub Machines Disabled 2 | . . 2 Max in Single Turn 1 | . . 1 Machines Repaired . | . . . Machines Dismantled . | . . . Machines Sabotaged . | . . . Overloaded Fab Kills . | . . . Hacking | -11 -10 -10 --------- Run | Yrd Mat Sub Machines Accessed 2 | . 1 1 Terminals 1 | . 1 . Fabricators . | . . . Repair Stations . | . . . Recycling Units . | . . . Scanalyzers . | . . . Garrison Access . | . . . Total Hacks 3 | . 2 1 Successful 1 | . . 1 Failed 2 | . 2 . Catastrophic 1 | . 1 . Database Lockouts . | . . . Manual 2 | . 2 . Terminals 2 | . 2 . Fabricators . | . . . Repair Stations . | . . . Recycling Units . | . . . Scanalyzers . | . . . Garrison Access . | . . . Terminal Hacks 1 | . . 1 Proto ID Catalog 1 | . . 1 Fabricator Hacks . | . . . Repair Station Hacks . | . . . Recycling Unit Hacks . | . . . Scanalyzer . | . . . Garrison Access Hacks . | . . . Unauthorized Hacks . | . . . Terminals . | . . . Fabricators . | . . . Repair Stations . | . . . Recycling Units . | . . . Scanalyzers . | . . . Garrison Access . | . . . Data Cores Recovered . | . . . Used . | . . . Hacking Detections 1 | . 1 . Full Trace Events . | . . . Feedback Events . | . . . Feedback Blocked . | . . . Robot Schematics Acquired . | . . . Robots Built . | . . . Authchips . | . . . Time . | . . . Total Robot Build Rating . | . . . Part Schematics Acquired . | . . . Parts Built . | . . . Authchips . | . . . Time . | . . . Total Part Build Rating . | . . . Part Studies Acquired . | . . . Parts Repaired . | . . . Time . | . . . Parts Recycled . | . . . Recycled Matter . | . . . Retrieved Matter . | . . . Retrieved Components . | . . . Parts Scanalyzed . | . . . Part Schematics Acquired . | . . . Parts Damaged . | . . . Bothacking | -11 -10 -10 ------------ Run | Yrd Mat Sub Used RIF Installer . | . . . Robots Hacked . | . . . Non-combat . | . . . Combat . | . . . Robot Hacks Applied . | . . . Relay Couplers Released . | . . . Fabnet Peak Effective % . | . . . Robots Rewired . | . . . Allies Hacked . | . . . Hacks Repelled . | . . . Allies | -11 -10 -10 -------- Run | Yrd Mat Sub Total Allies . | . . . Largest Group . | . . . Highest-Rated Group . | . . . Highest-Rated Ally . | . . . Total Orders . | . . . Ally Attacks . | . . . Total Damage . | . . . Kills . | . . . Allies Corrupted . | . . . Allies Melted . | . . . Intel | -11 -10 -10 ------- Run | Yrd Mat Sub Active Infowar (turns) . | . . . Robot Analysis Total . | . . . Derelict Logs Recovered 1 | . . 1 Drone Launches . | . . . Drone Recoveries . | . . . Exploration | -11 -10 -10 ------------- Run | Yrd Mat Sub Turns Passed 2585 | 198 566 1821 Spaces Moved 1211 | 102 161 948 Core 12 | 12 . . Treads 254 | 90 161 3 Legs . | . . . Wheels 945 | . . 945 Hover . | . . . Flight . | . . . Fastest Speed 50 | 50 160 130 Average Speed 182 | 147 299 166 Slowest Speed 320 | 160 320 320 Overloaded Moves . | . . . Propulsion Burnouts . | . . . Robots Hopped . | . . . Potential Cave-ins . | . . . Cave-ins Triggered . | . . . Exploration Rate (%) 25 | 5 26 44 Regions Visited 2 Branch Regions 1 Pre-discovered Areas . | . . . Known Exits Taken . | . . . Unknown Exits Taken 2 | 1 1 . Scrap Searched 2 | . . 2 Spaces Dug 4 | . . 4 Terrain Destroyed 43 | . . 43 Melee . | . . . Projectile 11 | . . 11 AOE 32 | . . 32 Terrain Rammed . | . . . Walls Destroyed . | . . . Machines Disabled . | . . . Actions | -11 -10 -10 --------- Run | Yrd Mat Sub Total 1425 | 131 199 1095 Wait 49 | . 1 48 Move 1209 | 101 160 948 Hop . | . . . Pick Up 27 | 12 8 7 Fast Attach . | . . . Attach 14 | 6 2 6 Detach . | . . . Swap 11 | . 2 9 Drop 2 | . 2 . Fire 110 | 12 21 77 Melee . | . . . Ram . | . . . Kick . | . . . Crush 3 | . 3 . Escape Stasis . | . . . Rewire . | . . . Trap . | . . . Miscellaneous . | . . . Route ------- -11/Scrapyard -10/Materials -10/Subcaves (discovered 3 exits: [*Mat x2] / [*Rec]) History --------- Turn | Location | Event 8 | -11/Scrapyard | Discovered new exit (range 14) 199 | -11/Scrapyard | Entered Materials 316 | -10/Materials | Build established: Mutant 705 | -10/Materials | Discovered new exit (range 8) 765 | -10/Materials | Entered Subcaves 766 | -10/Subcaves | Approached by a straggling Scientist 807 | -10/Subcaves | Discovered new exit (range 16) 832 | -10/Subcaves | Lost 3 parts (1p1n1u) 844 | -10/Subcaves | Learned Materials stockpile data 1148 | -10/Subcaves | Core integrity fell below 50% 1180 | -10/Subcaves | Visited 4L-MR0's lab 1465 | -10/Subcaves | Discovered new exit (range 11) 1585 | -10/Subcaves | Core integrity fell below 20% 1597 | -10/Subcaves | Shifting Twisted Machinery released Battle Rifle 1610 | -10/Subcaves | Shifting Twisted Machinery released Shrapnel Trap 1624 | -10/Subcaves | Discovered new exit (range 8) 1829 | -10/Subcaves | A swath of the cavern ceiling suddenly collapsed 2586 | -10/Subcaves | Destroyed by 1I-U86(R) with Subdweller Beam Cannon Last Messages --------------- LB<6LCYGD8HVAYMWVBN9CHF D3-NDE(R) destroyed. 2Z-LFK(R) destroyed. Acquired Sub. Power Source. Acquired 10 matter. Acquired Battle Cannon. System corrupted: Heat flow error (+230). A swath of the cavern ceiling suddenly collapses. System corrupted: Heat flow error (+203). Subatomizers dissect the Sub. Power Source. |E 8